 Dungeon Crawl Stone Soup version 0.23.2-40-g277498a001 (webtiles) character file.

Game seed: 9299725926329974936

442 Curus the Twirler (level 7, -3/40 HPs)
             Began as a Gargoyle Gladiator on Oct 21, 2019.
             Slain by an iguana (5 damage)
             ... on level 4 of the Dungeon.
             The game lasted 00:14:22 (2340 turns).

Curus the Twirler (Gargoyle Gladiator)              Turns: 2340, Time: 00:14:23

Health: -3/40      AC: 13    Str: 23    XL:     7   Next: 2%
Magic:  7/7        EV:  9    Int:  8    God:
Gold:   89         SH:  0    Dex: 13    Spells: 6/6 levels left

rFire    . . .     SeeInvis .   a - +0 quarterstaff
rCold    + . .     Gourm    .   (shield currently unavailable)
rNeg     + . .     Faith    .   k - +0 chain mail (curse)
rPois    ∞         Spirit   .   c - +0 helmet
rElec    +         Reflect  .   (no cloak)
rCorr    .         Harm     .   (no gloves)
MR       +....                  (no boots)
Stlth    ..........             (no amulet)
HPRegen  0.13/turn              n - ring of protection from cold
MPRegen  0.10/turn              l - ring of protection from magic

@: mighty
A: negative energy resistance 1, electricity resistance, unbreathing,
petrification resistance, rot immunity, AC +4
a: no special abilities


You were on level 4 of the Dungeon.
You were hungry.

You visited 1 branch of the dungeon, and saw 4 of its levels.

You collected 89 gold pieces.

Inventory:

Hand Weapons
 a - a +0 quarterstaff (weapon)
Missiles
 d - 3 throwing nets (quivered)
Armour
 b - a +0 leather armour
 c - a +0 helmet (worn)
 k - a cursed +0 chain mail (worn)
Jewellery
 e - a +3 ring of dexterity
 l - a ring of protection from magic (right hand)
 m - a +3 ring of strength
 n - a ring of protection from cold (left hand)
Wands
 i - a wand of clouds (2)
Scrolls
 h - 3 scrolls of identify
 j - a scroll of fear
 o - 2 scrolls of teleportation
Comestibles
 f - 7 rations


   Skills:
 - Level 2.1 Fighting
 + Level 7.7 Staves
 - Level 1.7 Throwing
 - Level 2.4 Dodging


You had 6 spell levels left.
You didn't know any spells.
Your spell library was empty.

Dungeon Overview and Level Annotations

Branches:
Dungeon (4/15)
 Temple: D:4-7

Altars:
Yredelemnul

Shops:
D:4 %


Innate Abilities, Weirdness & Mutations

You are resistant to torment.
Your stone body is resilient. (AC +4)
You are immune to poison.
You resist negative energy. (rN+)
You are resistant to electric shocks. (rElec)
You can survive without breathing.
You are immune to petrification.
You are immune to rotting.


Message History

The howler monkey hits you but does no damage.
The quokka bites you.
* * * LOW HITPOINT WARNING * * *
You sock the howler monkey!
You kill the howler monkey!
You have reached level 7!
The iguana bites you!
* * * LOW HITPOINT WARNING * * *
The quokka bites you but does no damage.
You completely miss the iguana.
The iguana is heavily wounded.
The iguana barely misses you.
The quokka bites you but does no damage.
You barely miss the iguana.
The iguana is heavily wounded.
The iguana barely misses you. The quokka barely misses you.
Your chain mail prevents you from hitting the iguana.
The iguana is heavily wounded.
The quokka closely misses you. The iguana bites you.
You die...

.##....#..##..
.......#..... ...
.......#.... ....
......# ..###+######....
......##..#.....$.....#
..........#...........#
......>...+..<........#
..........#...........##
.......<..#.....@.=.....
......##..#....rl.......
......#####.............
.......# #.............
.......# #.............
###.).## #.............
..#...## #.............
..#....# #.............
..#....#


You could see an iguana and a quokka.

Vanquished Creatures
  Sigmund (D:2)
  An ogre (D:4)
  A howler monkey (D:4)
  7 adders
  4 oozes
  3 worms
  2 leopard geckos
  An orc (D:2)
  12 bats
  2 giant cockroaches
  8 goblins
  9 hobgoblins
  5 jackals (D:2)
  2 quokkas
  3 frilled lizards
  6 kobolds
  4 rats
71 creatures vanquished.

Notes
Turn   | Place    | Note
-------+----------+-------------------------------------------
     0 | D:1      | Curus the Gargoyle Gladiator began the quest for the Orb.
     0 | D:1      | Reached XP level 1. HP: 12/12 MP: 1/1
    99 | D:1      | Reached XP level 2. HP: 14/17 MP: 2/2
   526 | D:1      | Reached skill level 4 in Staves
   679 | D:1      | Reached XP level 3. HP: 21/21 MP: 3/3
   772 | D:2      | Noticed Sigmund
   862 | D:2      | Reached XP level 4. HP: 26/26 MP: 4/4
  1146 | D:2      | Killed Sigmund
  1146 | D:2      | Reached skill level 6 in Staves
  1146 | D:2      | Reached XP level 5. HP: 10/30 MP: 5/5
  1146 | D:2      | Reached XP level 6. HP: 12/35 MP: 6/6
  1614 | D:3      | Found a basalt altar of Yredelemnul.
  1920 | D:3      | Reached skill level 7 in Staves
  2182 | D:4      | Found Miss's Food Shop.
  2337 | D:4      | Reached XP level 7. HP: 9/40 MP: 7/7
  2337 | D:4      | HP: 2/40 [iguana (7)]
  2340 | D:4      | Slain by an iguana

Skill      XL: |  1  2  3  4  5  6 |
---------------+-------------------+-----
Staves         | 4 6 7 |  7.7
Fighting       | |  2.1
Throwing       | |  1.7
Dodging        | |  2.4

Action                   |  1- 3 |  4- 6 |  7- 9 || total
-------------------------+-------+-------+-------++-------
Melee: Quarterstaff      |    77 |   149 |     3 ||   229
  Use: Scroll            |     3 |     3 |       ||     6
       Potion            |     3 |     5 |       ||     8
 Stab: Sleeping          |     1 |     1 |       ||     2
  Eat: Chunk             |       |     4 |       ||     4
Armor: Leather armour    |    31 |     7 |       ||    38
       Chain mail        |       |    79 |     2 ||    81
Dodge: Dodged            |    58 |    62 |     4 ||   124
